 Dungeon Crawl Stone Soup version 0.19.0-24-gb05acd6 (webtiles) character file.

30046 ZelenKor the Basher (level 13, 0/174 HPs)
             Began as a Minotaur Berserker on Nov 21, 2016.
             Was a High Priest of Trog.
             Succumbed to a swamp dragon's blast of poison
             ... on level 1 of the Swamp.
             The game lasted 00:46:25 (12404 turns).

ZelenKor the Basher (Minotaur Berserker)           Turns: 12404, Time: 00:46:26

Health: 0/174      AC: 18    Str: 31    XL:     13   Next: 18%
Magic:  12/12      EV: 10    Int:  4    God:    Trog [*****.]
Gold:   797        SH: 16    Dex: 11    Spells: 0 memorised, 12 levels left

rFire  + . .     SeeInvis .     B - +4 flail
rCold  . . .     Gourm    .     b - +0 plate armour {rC+}
rNeg   . . .     Faith    .     v - +2 shield
rPois  .         Spirit   .     (helmet restricted)
rElec  .         Reflect  .     D - +0 cloak
rCorr  .         Harm     +     Y - +0 pair of gloves
MR     ++...                    (no boots)
Stlth  ..........               m - amulet of harm
                                (no ring)
                                t - ring of fire

@: berserking (expiring), lethally poisoned (0 -> -9), regenerating, very quick
A: retaliatory headbutt, horns 2
a: Berserk, Trog's Hand, Brothers in Arms, Burn Spellbooks, Renounce Religion


You were on level 1 of the Swamp.
You worshipped Trog.
Trog was extremely pleased with you.
You were hungry.

You visited 3 branches of the dungeon, and saw 15 of its levels.

You collected 797 gold pieces.

Inventory:

Hand Weapons
 q - a +4 quarterstaff of chaos
 B - a +4 flail (weapon)
 Q - a +4 spear of flaming
 R - a +4 morningstar
Missiles
 p - 8 javelins (quivered)
 r - 11 tomahawks
 X - a throwing net
Armour
 b - a +0 plate armour of cold resistance (worn)
 v - a +2 shield (worn)
 x - +0 steam dragon scales
 D - a +0 cloak (worn)
 Y - a +0 pair of gloves (worn)
Jewellery
 m - an amulet of harm (around neck)
 t - a ring of fire (left hand)
 O - a cursed ring of teleportation {unknown}
Wands
 s - a wand of iceblast (8/15)
 u - a wand of disintegration (11/24)
 w - a wand of iceblast (5/15)
 z - a wand of acid (9/15)
 I - a wand of lightning (10/15)
 K - a wand of enslavement (24/24)
 U - a wand of iceblast (6/15)
Scrolls
 a - a scroll of summoning
 d - a scroll of remove curse
 k - a scroll of fog
 l - 2 scrolls of magic mapping
 y - 6 scrolls of teleportation
 F - 3 scrolls of enchant armour
 H - a scroll of blinking
 J - a scroll of enchant weapon
 S - 2 scrolls of identify
Potions
 e - 2 potions of might {unknown}
 f - a potion of resistance
 h - 2 potions of cure mutation
 i - 2 potions of brilliance
 o - a potion of agility
 A - a potion of curing
 E - 2 potions of flight
 G - 3 potions of cancellation
 L - a potion of haste
 T - 3 potions of heal wounds
 V - a potion of degeneration
Books
 M - a Young Poisoner's Handbook

   Spells                             Type                      Level
   a - Sting                          Conjuration/Poison           1
   b - Mephitic Cloud                 Conjuration/Poison/Air       3
   c - Olgreb's Toxic Radiance        Poison                       4
   d - Alistair's Intoxication        Transmutation/Poison         5
   e - Venom Bolt                     Conjuration/Poison           5
   Trog disapproves of the use of such an item.
Comestibles
 c - 6 bread rations
 g - 3 beef jerkies
 j - 4 meat rations
 n - 2 royal jellies
 C - 3 fruits


   Skills:
 + Level 11.3 Fighting
   Level 0.7 Short Blades
   Level 5.4(11.0) Axes
 + Level 14.5(14.9) Maces & Flails
 + Level 0.8 Throwing
 + Level 12.3 Armour
 + Level 5.5 Dodging
 + Level 1.0 Stealth
 + Level 13.0 Shields


You had 12 spell levels left.
You didn't know any spells.

Dungeon Overview and Level Annotations

Branches:
Dungeon (11/15)            Temple (0/1) D:7            Lair (3/6) D:11
  Swamp (1/4) Lair:3
  Snake: Lair:2-4    Spider: Lair:2-4       Orc: D:9-12

Altars:
Kikubaaqudgha
Ru
Trog

Shops:
D:4 (   D:10 (


Innate Abilities, Weirdness & Mutations

You reflexively headbutt those who attack you in melee.
You have a pair of horns on your head.


Message History

You sock the seven-headed hydra zombie!
You destroy the seven-headed hydra zombie!
Trog accepts your kill.
* * * LOW HITPOINT WARNING * * *
You feel sick.
You bludgeon the seven-headed hydra zombie!!
You headbutt the seven-headed hydra zombie!!
The seven-headed hydra zombie is heavily damaged.
* * * LOW HITPOINT WARNING * * *
You feel sick.
You bludgeon the seven-headed hydra zombie!!
The seven-headed hydra zombie is almost destroyed.
* * * LOW HITPOINT WARNING * * *
You feel sick.
You bludgeon the seven-headed hydra zombie!!
You destroy the seven-headed hydra zombie!
Trog accepts your kill.
* * * LOW HITPOINT WARNING * * *
You feel sick.
You die...

.♣♣ ♣♣..≈
♣♣≈.≈≈
♣♣..≈..
♣♣♣≈}≈≈♣
♣♣...≈≈.♣
♣......♣
♣♣≈.≈@≈♣ ♣
♣♣.≈.§≈♣.≈.♣
♣
♣.≈≈≈♣♣.♣...♣
♣♣ ♣♣..♣♣
♣....≈. ≈♣
♣≈.♣♣ ≈≈..≈§
♣♣ ♣♣.≈♣
..≈.. .♣♣
♣♣§≈≈♣ ≈....
(.♣♣ ♣≈♣.≈♣
..≈≈ ≈≈.♣
♣♣..≈♣ ..≈≈


There were no monsters in sight!

Vanquished Creatures
  2 hydras
  9 death yaks
  A centaur warrior (D:11)
  An alligator (Swamp:1)
  The ghost of jazmu the Fighter, a novice TeBe of Trog (D:8)
  A shambling mangrove (Swamp:1)
  A swamp dragon (Swamp:1)
  A deep elf mage (D:9)
  A hill giant (D:10)
  An ugly thing (D:11)
  A black mamba (Lair:1)
  Joseph (D:10)
  7 spiny frogs
  3 komodo dragons
  2 hydra zombies (Swamp:1)
  A troll (D:9)
  A hornet (Swamp:1)
  4 two-headed ogres
  4 blink frogs (Lair:1)
  7 hippogriffs
  A wraith (D:10)
  11 yaks
  A basilisk (Lair:3)
  A hungry ghost (D:11)
  10 vampire mosquitoes (Swamp:1)
  A steam dragon (D:7)
  3 wargs (D:11)
  7 water moccasins
  4 porcupines
  An ice beast (D:6)
  3 orc warriors
  3 sky beasts
  2 phantoms
  A black bear (D:9)
  5 ogres
  6 wolves
  12 centaurs
  4 crocodiles
  A big kobold (D:10)
  2 gnoll sergeants
  8 bullfrogs
  A wyvern zombie (D:9)
  2 scorpions
  13 killer bees
  5 wights (D:9)
  4 howler monkeys (D:10)
  A jelly (D:7)
  A centaur zombie (D:10)
  A bullfrog zombie (D:5)
  6 crimson imps
  5 orc priests
  11 orc wizards
  Crazy Yiuf (D:4)
  4 hounds
  5 bullfrog skeletons
  2 centaur skeletons
  Ijyb (D:3)
  6 iguanas
  12 worker ants
  Terence (D:3)
  A hound skeleton (D:4)
  A worker ant zombie (D:9)
  A howler monkey skeleton (D:7)
  12 gnolls
  8 adders
  A shadow imp (D:8)
  An adder skeleton (D:8)
  3 worms
  4 dart slugs
  6 leopard geckos
  24 orcs
  3 bats
  5 giant cockroaches
  2 goblins
  4 hobgoblins
  8 jackals
  12 kobolds
  2 quokkas
  A ball python (D:1)
  2 frilled lizards (D:2)
  A leopard gecko skeleton (D:6)
  A quokka skeleton (D:6)
  10 rats
332 creatures vanquished.

Vanquished Creatures (collateral kills)
  A death yak (Lair:3)
  A rime drake (Lair:3)
  A wolf (Lair:3)
  A crimson imp (D:10)
  An orc priest (D:11)
  2 kobolds (D:10)
7 creatures vanquished.

Vanquished Creatures (others)
  A human (D:3)
  3 fungi
4 creatures vanquished.

Grand Total: 343 creatures vanquished

Notes
Turn   | Place    | Note
-------+----------+-------------------------------------------
     0 | D:1      | ZelenKor the Minotaur Berserker began the quest for the Orb.
     0 | D:1      | Reached XP level 1. HP: 19/19 MP: 0/0
   146 | D:1      | Reached XP level 2. HP: 26/27 MP: 1/1
   668 | D:2      | Reached XP level 3. HP: 32/33 MP: 2/2
   682 | D:2      | Reached ** piety under Trog
  1124 | D:3      | Noticed Terence
  1131 | D:3      | Killed Terence
  1131 | D:3      | Reached skill level 5 in Axes
  1131 | D:3      | Reached XP level 4. HP: 31/40 MP: 3/3
  1161 | D:3      | Found an ancient bone altar of Kikubaaqudgha.
  1170 | D:3      | Noticed a human
  1172 | D:3      | Killed a human
  1380 | D:3      | Noticed Ijyb
  1390 | D:3      | Killed Ijyb
  1390 | D:3      | Reached skill level 1 in Maces & Flails
  1799 | D:4      | Gained mutation: Your mind is acute. (Int +2) [potion of mutation]
  1799 | D:4      | Gained mutation: You have supernaturally acute eyesight. (SInv) [potion of mutation]
  1799 | D:4      | Lost mutation: Your mind is acute. (Int +2) [potion of mutation]
  1873 | D:4      | Reached XP level 5. HP: 44/47 MP: 4/4
  1931 | D:4      | Reached skill level 2 in Maces & Flails
  2164 | D:4      | Reached skill level 1 in Shields
  2263 | D:4      | Reached skill level 3 in Maces & Flails
  2263 | D:4      | Reached XP level 6. HP: 49/53 MP: 5/5
  2517 | D:4      | Found Abbuzog's Weapon Shop.
  2665 | D:4      | Found a runed door.
  3074 | D:4      | Noticed Crazy Yiuf
  3082 | D:4      | Killed Crazy Yiuf
  3183 | D:5      | Entered Level 5 of the Dungeon
  3296 | D:5      | Reached skill level 4 in Maces & Flails
  3296 | D:5      | Reached XP level 7. HP: 39/60 MP: 6/6
  3424 | D:5      | Reached skill level 5 in Fighting
  3424 | D:5      | Reached skill level 5 in Armour
  3560 | D:5      | Reached skill level 5 in Maces & Flails
  3854 | D:5      | Reached *** piety under Trog
  4212 | D:6      | Reached skill level 6 in Maces & Flails
  4273 | D:6      | Reached XP level 8. HP: 69/69 MP: 7/7
  4431 | D:6      | Gained mutation: You have an increased reservoir of magic. (+10% MP) [potion of mutation]
  4547 | D:6      | Reached skill level 7 in Maces & Flails
  4918 | D:6      | Noticed a moth of wrath
  4921 | D:6      | Found a bloodstained altar of Trog.
  5224 | D:7      | Found a sacrificial altar of Ru.
  5236 | D:7      | Reached skill level 8 in Maces & Flails
  5297 | D:7      | Lost mutation: You have supernaturally acute eyesight. (SInv) [potion of cure mutation]
  5297 | D:7      | Lost mutation: You have an increased reservoir of magic. (+10% MP) [potion of cure mutation]
  5309 | D:7      | Reached skill level 9 in Maces & Flails
  5309 | D:7      | Reached XP level 9. HP: 75/75 MP: 8/8
  5682 | D:7      | Found a staircase to the Ecumenical Temple.
  5770 | D:7      | Reached skill level 5 in Shields
  5988 | D:8      | Reached skill level 10 in Maces & Flails
  6121 | D:8      | Reached **** piety under Trog
  6327 | D:8      | Noticed jazmu's ghost (novice TeBe)
  6333 | D:8      | Killed jazmu's ghost
  6479 | D:8      | Reached XP level 10. HP: 76/86 MP: 9/9
  6847 | D:9      | Reached skill level 1 in Stealth
  7034 | D:9      | Reached skill level 11 in Maces & Flails
  7034 | D:9      | Reached skill level 5 in Dodging
  7510 | D:9      | Noticed a deep elf mage
  7543 | D:9      | Killed a deep elf mage
  7897 | D:10     | Entered Level 10 of the Dungeon
  7949 | D:10     | Reached ***** piety under Trog
  8128 | D:10     | Found Soabej's Antique Weapon Shop.
  8181 | D:10     | Noticed Joseph
  8194 | D:10     | Killed Joseph
  8385 | D:10     | Identified the Papyrus of Toxic Combat Magic
  8401 | D:10     | Gained mutation: You have sharp toenails. [mutagenic meat]
  8651 | D:10     | Noticed a hill giant
  8659 | D:10     | Killed a hill giant
  8659 | D:10     | Reached XP level 11. HP: 95/95 MP: 10/10
  8744 | D:11     | Noticed a red ugly thing
  8764 | D:11     | Reached skill level 12 in Maces & Flails
  8771 | D:11     | Killed a red ugly thing
  8994 | D:11     | Noticed a centaur warrior
  9010 | D:11     | Killed a centaur warrior
  9195 | D:11     | Reached skill level 10 in Shields
  9292 | D:11     | Found a staircase to the Lair.
  9317 | D:11     | Reached skill level 10 in Armour
  9368 | D:11     | Got a smelly plate armour
  9389 | Lair:1   | Entered Level 1 of the Lair of Beasts
  9719 | Lair:1   | Noticed an eight-headed hydra
  9727 | Lair:1   | Killed an eight-headed hydra
 10400 | Lair:1   | Reached XP level 12. HP: 64/106 MP: 11/11
 10672 | Lair:2   | Reached skill level 13 in Maces & Flails
 10792 | Lair:2   | Noticed a death yak
 10793 | Lair:2   | Noticed a death yak
 10793 | Lair:2   | Noticed a death yak
 10794 | Lair:2   | Noticed a death yak
 10797 | Lair:2   | Reached skill level 10 in Fighting
 10803 | Lair:2   | Killed a death yak
 10810 | Lair:2   | Killed a death yak
 10815 | Lair:2   | Killed a death yak
 10819 | Lair:2   | Killed a death yak
 11327 | Lair:3   | Noticed a death yak
 11328 | Lair:3   | Noticed an eight-headed hydra
 11330 | Lair:3   | Noticed a death yak
 11331 | Lair:3   | Noticed a death yak
 11334 | Lair:3   | Noticed a death yak
 11335 | Lair:3   | Noticed a death yak
 11336 | Lair:3   | Noticed a death yak
 11341 | Lair:3   | Killed an eight-headed hydra
 11341 | Lair:3   | Received a gift from Trog
 11346 | Lair:3   | Killed a death yak
 11351 | Lair:3   | Killed a death yak
 11357 | Lair:3   | Killed a death yak
 11357 | Lair:3   | Reached skill level 14 in Maces & Flails
 11363 | Lair:3   | Killed a death yak
 11371 | Lair:3   | Killed a death yak
 11372 | Lair:3   | Lost mutation: You have sharp toenails. [potion of cure mutation]
 11433 | Lair:3   | Found a staircase to the Swamp.
 11493 | Lair:3   | Killed a death yak
 12093 | Swamp:1  | Entered Level 1 of the Swamp
 12167 | Swamp:1  | Reached XP level 13. HP: 86/116 MP: 12/12
 12396 | Swamp:1  | HP: 8/174 [poisoned by a swamp dragon (blast of poison)]
 12401 | Swamp:1  | HP: 3/174 [poisoned by a swamp dragon (blast of poison)]
 12403 | Swamp:1  | HP: 1/174 [poisoned by a swamp dragon (blast of poison)]
 12404 | Swamp:1  | Succumbed to a swamp dragon's blast of poison

Skill      XL: |  1  2  3  4  5  6  7  8  9 10 11 12 13 |
---------------+----------------------------------------+-----
Axes           | 4 5 |  5.4
Fighting       | 4 5 6 7 8 9 11 | 11.3
Maces & Flails | 1 3 4 6 9 10 11 12 14 | 14.5
Armour         | 3 4 5 6 7 9 10 12 | 12.3
Shields        | 1 2 3 6 9 11 12 13 | 13.0
Dodging        | 3 4 5 |  5.5
Stealth        | 1 |  1.0
Short Blades   | |  0.7
Throwing       | |  0.8

Action                   |  1- 3 |  4- 6 |  7- 9 | 10-12 | 13-15 || total
-------------------------+-------+-------+-------+-------+-------++-------
Melee: Hand axe          |    46 |       |       |       |       ||    46
       Headbutt          |    13 |    17 |    34 |   108 |    17 ||   189
       Short sword       |     8 |       |       |       |       ||     8
       Mace              |     4 |    69 |       |       |       ||    73
       Flail             |       |    39 |   244 |   570 |    68 ||   921
       Morningstar       |       |       |       |    10 |       ||    10
       Kick              |       |       |       |   114 |       ||   114
Throw: Javelin           |       |       |       |     5 |       ||     5
Invok: Berserk           |       |     2 |     4 |    10 |     1 ||    17
       Trog's Hand       |       |     1 |     3 |     9 |     1 ||    14
       Brothers in Arms  |       |       |       |     3 |     1 ||     4
       Burn Spellbooks   |       |       |       |     1 |       ||     1
  Use: Scroll            |       |     6 |     8 |     5 |       ||    19
       Potion            |       |     2 |    12 |     1 |       ||    15
  Eat: Fruit             |     1 |     5 |       |     5 |     1 ||    12
       Chunk             |       |     2 |     1 |     7 |       ||    10
       Bread ration      |       |     1 |     2 |     6 |       ||     9
       Royal jelly       |       |       |     1 |       |       ||     1
       Pizza             |       |       |     1 |       |       ||     1
       Beef jerky        |       |       |       |       |     1 ||     1
Armor: Ring mail         |    14 |    47 |    36 |       |       ||    97
       Animal skin       |     3 |       |       |       |       ||     3
       Plate armour      |       |       |    58 |   283 |    36 ||   377
Dodge: Dodged            |    40 |    46 |    74 |   175 |    23 ||   358
Block: Shield            |       |    56 |   116 |   451 |    69 ||   692
